 Dungeon Crawl Stone Soup version 0.19.0-18-g426998a (webtiles) character file.

20846 scalarboson the Severer (level 12, -13/113 HPs)
             Began as a Minotaur Berserker on Nov 11, 2016.
             Was a High Priest of Trog.
             Killed from afar by a necromancer (36 damage)
             ... with a bolt of cold
             ... on level 13 of the Dungeon.
             The game lasted 00:21:38 (10724 turns).

scalarboson the Severer (Minotaur Berserker)       Turns: 10724, Time: 00:21:39

Health: -13/113    AC: 13    Str: 25 (26) XL:     12   Next: 49%
Magic:  3/3        EV: 10    Int:  6      God:    Trog [*****.]
Gold:   423        SH:  6    Dex: 16      Spells: 0 memorised, 11 levels left

rFire  . . .     SeeInvis +     w - +3 war axe (antimagic)
rCold  . . .     Gourm    .     C - +1 chain mail {rPois}
rNeg   . . .     Faith    .     p - +0 buckler
rPois  +         Spirit   .     (helmet restricted)
rElec  .         Reflect  .     y - +1 cloak
rCorr  .         Harm     .     (no gloves)
MR     .....     Clarity  +     g - +0 pair of boots
Stlth  ..........               (no amulet)
                                u - +5 ring of dexterity
                                D - ring of see invisible

@: exhausted, slowed, very slow
A: retaliatory headbutt, horns 2, blurry vision 1, clarity, clever 1, deformed
body, deterioration 1, screaming 1
a: Berserk, Trog's Hand, Brothers in Arms, Burn Spellbooks, Renounce Religion


You were on level 13 of the Dungeon.
You worshipped Trog.
Trog was extremely pleased with you.
You were near starving.

You visited 1 branch of the dungeon, and saw 13 of its levels.

You collected 776 gold pieces.
You spent 353 gold pieces at shops.

Inventory:

Hand Weapons
 w - a +3 antimagic war axe (weapon)
Armour
 g - a +0 pair of boots (worn)
 p - a +0 buckler (worn)
 y - a +1 cloak (worn)
 C - a +1 chain mail of poison resistance (worn)
Jewellery
 a - an uncursed ring of protection from cold
 e - an uncursed ring of ice
 q - an uncursed ring of poison resistance
 u - a +5 ring of dexterity (right hand)
 D - a ring of see invisible (left hand)
 H - a +2 ring of protection {unknown}
 I - an uncursed ring of fire {unknown}
Wands
 k - a wand of flame (48/48)
 l - a wand of confusion (9/48)
 x - a wand of slowing (24/48)
 z - a wand of flame (11/48)
 B - a wand of lightning (9/15)
Scrolls
 b - 6 scrolls of identify
 d - 5 scrolls of enchant armour
 f - 4 scrolls of remove curse
 i - 3 scrolls of teleportation
 n - a scroll of enchant weapon
 o - a scroll of magic mapping
 r - 2 scrolls of recharging
 A - 2 scrolls of fog
 E - a scroll of blinking
Potions
 j - 3 potions of curing
 s - a potion of might
 G - a potion of flight
Comestibles
 c - 14 bread rations
 h - 9 meat rations
 m - a slice of pizza
 t - a beef jerky
 v - 9 fruits
 F - 8 chunks of flesh


   Skills:
 + Level 12.5 Fighting
 - Level 16.0 Axes
 + Level 12.0 Armour
 + Level 2.7 Dodging
 + Level 7.5 Shields


You had 11 spell levels left.
You didn't know any spells.

Dungeon Overview and Level Annotations

Branches:
Dungeon (13/15)            Temple (0/1) D:4            Lair (0/6) D:8
    Orc (0/2) D:10
 Vaults: D:13-14

Altars:
Uskayaw

Shops:
D:5 [   D:8 %   D:9 *   D:10 }


Innate Abilities, Weirdness & Mutations

You reflexively headbutt those who attack you in melee.
You have a pair of horns on your head.
Scrolls take you a little longer to read.
You possess an exceptional clarity of mind.
Your mind is acute. (Int +2)
Armour fits poorly on your strangely shaped body.
Your body sometimes deteriorates upon taking damage.
You occasionally shout uncontrollably at your foes.


Message History

* * * LOW HITPOINT WARNING * * *
Your body deteriorates!
You feel weakened. The vault guard burns you!
* * * LOW HITPOINT WARNING * * *
The vault guard hits your troll with a broad axe of flaming!
The vault guard burns your troll.
Your troll bites the vault guard but does no damage.
Your troll closely misses the vault guard. x2
Your troll bites the vault guard!
The vault guard dies!
Trog accepts your kill.
Your troll bites the necromancer!!
Your troll closely misses the necromancer.
Your troll claws the necromancer.
The necromancer casts a spell at your troll.
The bolt of cold hits your troll.
Your troll dies!
Your troll's corpse disappears in a puff of smoke!
The bolt of cold hits you!
You die...

.......+........... ...
.......#...(....... ...
.......#........... ....
.......'..[........
.....
.......#........###
.....###.....#........#
......p#######........#
......)ยง..............#
.....p.p@.............#
####....)))...........#
#....)(.............
#######(...........
#()........##
#.########## #.# ###


You could see a vault guard, a necromancer (unaware) and a human.

Vanquished Creatures
  Kirke (D:13)
  Erolcha (D:9)
  3 centaur warriors
  The ghost of bande the Cleaver, a novice HOFi of the Shining One (D:9)
  A death knight (D:11)
  An unseen horror (D:13)
  2 hill giants
  An ugly thing (D:12)
  2 cyclopes (D:12)
  A gargoyle (D:11)
  3 centaur skeletons
  A troll (D:11)
  A two-headed ogre (D:13)
  4 hippogriffs
  2 shadows
  A spriggan (D:8)
  A wraith (D:12)
  A human (D:13)
  A wyvern (D:13)
  3 hogs (D:13)
  4 vampire mosquitoes (D:12)
  Edmund (D:6)
  A porcupine (D:8)
  5 orc warriors
  5 phantoms
  An eye of draining (D:7)
  5 ogres
  2 sky beasts
  10 centaurs
  A big kobold (D:11)
  5 bullfrogs
  A gnoll sergeant (D:7)
  7 scorpions
  A troll zombie (D:10)
  5 wights (D:6)
  7 howler monkeys
  6 centaur zombies
  6 crimson imps
  A bullfrog zombie (D:10)
  9 hounds
  2 bullfrog skeletons
  7 jellies
  10 orc wizards
  9 orc priests
  Crazy Yiuf (D:7)
  3 iguanas
  18 worker ants
  7 ogre zombies (D:10)
  2 hound skeletons
  2 howler monkey zombies
  2 worker ant zombies
  A howler monkey skeleton (D:8)
  4 gnolls (D:7)
  7 adders
  3 river rats (D:8)
  8 shadow imps
  An ooze (D:4)
  An adder skeleton (D:6)
  3 adder zombies
  3 worms
  A dart slug (D:3)
  5 leopard geckos
  39 orcs
  8 giant cockroaches
  4 goblins (D:3)
  10 hobgoblins
  16 jackals
  8 quokkas
  A ball python (D:7)
  7 bats
  10 frilled lizards
  A goblin skeleton (D:10)
  2 goblin zombies
  A hobgoblin skeleton (D:10)
  2 hobgoblin zombies (D:10)
  13 kobolds
  4 orc skeletons (D:10)
  16 orc zombies (D:10)
  A quokka zombie (D:6)
  4 rats
362 creatures vanquished.

Vanquished Creatures (collateral kills)
  A vault guard (D:13)
  A wizard (D:13)
  7 humans (D:13)
  2 centaurs (D:13)
  An orc wizard (D:13)
12 creatures vanquished.

Grand Total: 374 creatures vanquished

Notes
Turn   | Place    | Note
-------+----------+-------------------------------------------
     0 | D:1      | scalarboson the Minotaur Berserker began the quest for the Orb.
     0 | D:1      | Reached XP level 1. HP: 19/19 MP: 0/0
   214 | D:1      | Reached skill level 4 in Axes
   574 | D:1      | Reached XP level 2. HP: 26/26 MP: 1/1
   609 | D:1      | You fall through a shaft!
   882 | D:2      | Reached skill level 5 in Axes
  1103 | D:2      | Reached XP level 3. HP: 13/31 MP: 0/2
  2138 | D:3      | Reached ** piety under Trog
  2180 | D:3      | Gained mutation: Your body sometimes deteriorates upon taking damage. [potion of mutation]
  2180 | D:3      | Gained mutation: Your mind is acute. (Int +2) [potion of mutation]
  2180 | D:3      | Gained mutation: You possess an exceptional clarity of mind. [potion of mutation]
  2199 | D:3      | Reached skill level 6 in Axes
  2199 | D:3      | Reached XP level 4. HP: 32/39 MP: 1/3
  2741 | D:3      | Reached XP level 5. HP: 45/45 MP: 1/4
  2823 | D:3      | Reached skill level 7 in Axes
  2990 | D:4      | Found a staircase to the Ecumenical Temple.
  3006 | D:4      | Reached *** piety under Trog
  3016 | D:4      | Reached skill level 8 in Axes
  3016 | D:4      | Reached XP level 6. HP: 37/51 MP: 1/5
  3418 | D:4      | Reached skill level 9 in Axes
  3561 | D:5      | Entered Level 5 of the Dungeon
  3628 | D:5      | Found Muobrecw's Armour Boutique.
  3705 | D:5      | Reached XP level 7. HP: 44/57 MP: 2/6
  3895 | D:5      | Reached skill level 10 in Axes
  4593 | D:6      | Reached skill level 11 in Axes
  4683 | D:6      | Reached **** piety under Trog
  4683 | D:6      | Reached XP level 8. HP: 64/64 MP: 2/7
  4751 | D:6      | Gained mutation: You are somewhat resistant to further mutation. [potion of mutation]
  4751 | D:6      | Lost mutation: You are somewhat resistant to further mutation. [potion of mutation]
  4751 | D:6      | Gained mutation: Scrolls take you a little longer to read. [potion of mutation]
  4797 | D:6      | Reached skill level 12 in Axes
  4964 | D:6      | Reached skill level 13 in Axes
  4995 | D:6      | Noticed Edmund
  5002 | D:6      | Killed Edmund
  5428 | D:7      | Reached XP level 9. HP: 70/70 MP: 2/8
  5472 | D:7      | Reached skill level 14 in Axes
  6235 | D:7      | Found a runed door.
  6239 | D:7      | Noticed Crazy Yiuf
  6243 | D:7      | Killed Crazy Yiuf
  6347 | D:8      | Found Diryp's Food Shoppe.
  6385 | D:8      | Found a staircase to the Lair.
  6401 | D:8      | Got a faintly glowing robe
  6455 | D:8      | Identified the +0 robe "Lerrarph" {rC+ Regen+ Dex-2} (You found it on level 8 of the Dungeon)
  6488 | D:8      | Reached skill level 5 in Fighting
  6491 | D:8      | Reached skill level 1 in Shields
  6727 | D:8      | Reached skill level 5 in Armour
  6881 | D:9      | Noticed Erolcha
  6885 | D:9      | Killed Erolcha
  6885 | D:9      | Reached XP level 10. HP: 86/86 MP: 3/9
  6888 | D:9      | Noticed bande's ghost (novice HOFi)
  6909 | D:9      | HP: 4/86 [bande's ghost (10)]
  7233 | D:9      | Killed bande's ghost
  7433 | D:9      | Reached ***** piety under Trog
  7464 | D:9      | Found Ciump's Assorted Antiques.
  7469 | D:9      | Bought a scroll of enchant armour for 157 gold pieces
  7469 | D:9      | Bought a scroll labeled LONEAG COATRUC for 21 gold pieces
  7469 | D:9      | Bought a fizzy grey potion for 18 gold pieces
  7469 | D:9      | Bought a scroll of blinking for 157 gold pieces
  7965 | D:9      | Found a hide-covered altar of Uskayaw.
  7976 | D:10     | Entered Level 10 of the Dungeon
  7981 | D:10     | Noticed a hill giant
  7990 | D:10     | Killed a hill giant
  8027 | D:10     | Found a staircase to the Orcish Mines.
  8101 | D:10     | Received a gift from Trog
  8245 | D:10     | Reached skill level 5 in Shields
  8339 | D:10     | Found Eryi's Gadget Shoppe.
  8555 | D:10     | Reached skill level 10 in Fighting
  8555 | D:10     | Reached XP level 11. HP: 94/99 MP: 3/10
  9110 | D:11     | Noticed a death knight
  9118 | D:11     | Killed a death knight
  9137 | D:11     | Reached skill level 15 in Axes
  9212 | D:11     | Noticed a centaur warrior
  9221 | D:11     | Killed a centaur warrior
  9475 | D:12     | Reached skill level 16 in Axes
  9481 | D:12     | Gained mutation: You are partially covered in thin metallic scales. (AC +2) [mutagenic meat]
  9489 | D:12     | Received a gift from Trog
  9678 | D:12     | Noticed a hill giant
  9687 | D:12     | Killed a hill giant
  9687 | D:12     | Reached skill level 10 in Armour
  9745 | D:12     | Noticed a white ugly thing
  9755 | D:12     | Killed a white ugly thing
 10379 | D:13     | Lost mutation: You are partially covered in thin metallic scales. (AC +2) [potion of mutation]
 10379 | D:13     | Gained mutation: You occasionally shout uncontrollably at your foes. [potion of mutation]
 10379 | D:13     | Gained mutation: Armour fits poorly on your strangely shaped body. [potion of mutation]
 10420 | D:13     | Reached XP level 12. HP: 88/110 MP: 3/11
 10629 | D:13     | Noticed a centaur warrior
 10636 | D:13     | Killed a centaur warrior
 10669 | D:13     | Noticed Kirke
 10691 | D:13     | Killed Kirke
 10699 | D:13     | Noticed a centaur warrior
 10707 | D:13     | Killed a centaur warrior
 10717 | D:13     | Noticed a vault guard
 10720 | D:13     | Noticed a vault guard
 10724 | D:13     | Killed a vault guard
 10724 | D:13     | Killed from afar by a necromancer

Skill      XL: |  1  2  3  4  5  6  7  8  9 10 11 12 |
---------------+-------------------------------------+-----
Axes           | 4 5 6 8 9 11 13 14 16 | 16.0
Fighting       | 7 10 11 12 | 12.5
Armour         | 6 9 10 12 | 12.0
Shields        | 3 5 6 7 |  7.5
Dodging        | |  2.7

Action                   |  1- 3 |  4- 6 |  7- 9 | 10-12 || total
-------------------------+-------+-------+-------+-------++-------
Melee: Hand axe          |    82 |   112 |   256 |   139 ||   589
       Headbutt          |     4 |    21 |    60 |   119 ||   204
       War axe           |       |       |       |   295 ||   295
Invok: Berserk           |     1 |     1 |     9 |     5 ||    16
       Trog's Hand       |       |       |     1 |     4 ||     5
       Burn Spellbooks   |       |       |       |     1 ||     1
       Brothers in Arms  |       |       |       |     1 ||     1
  Use: Scroll            |     9 |     5 |     7 |     4 ||    25
       Potion            |     4 |     3 |     2 |     8 ||    17
 Stab: Sleeping          |     1 |       |       |       ||     1
  Eat: Chunk             |     4 |     6 |    19 |    16 ||    45
       Bread ration      |       |       |       |     1 ||     1
Armor: Animal skin       |    11 |     7 |       |       ||    18
       Chain mail        |       |    36 |    57 |    86 ||   179
       Skin              |       |     6 |       |       ||     6
       Plate armour      |       |       |    38 |    81 ||   119
Dodge: Dodged            |    59 |    44 |    56 |   136 ||   295
Block: Buckler           |       |     6 |    24 |    74 ||   104
